 Dungeon Crawl Stone Soup version 0.22.1-6-g1668fe2c40 (webtiles) character file.

266 Jakon the Skirmisher (level 6, 0/39 HPs)
             Began as a Gargoyle Fighter on Jan 18, 2019.
             Slain by an ogre
             ... wielding a +0 giant club
              (12 damage)
             ... on level 4 of the Dungeon.
             The game lasted 00:11:54 (3523 turns).

Jakon the Skirmisher (Gargoyle Fighter)             Turns: 3523, Time: 00:11:54

Health: 0/39       AC: 10    Str: 24    XL:     6   Next: 20%
Magic:  6/6        EV:  9    Int: 10    God:
Gold:   156        SH: 10    Dex: 10    Spells: 5/5 levels left

rFire    . . .     SeeInvis .   a - +0 flail
rCold    . . .     Gourm    .   c - +0 shield
rNeg     + . .     Faith    .   p - +1 leather armour {MR+}
rPois    ∞         Spirit   .   (no helmet)
rElec    +         Reflect  .   l - +0 cloak
rCorr    .         Harm     .   (no gloves)
MR       +....                  (no boots)
Stlth    +.........             m - amulet of regeneration
HPRegen  0.53/turn              (no ring)
MPRegen  0.10/turn              (no ring)

@: mighty
A: negative energy resistance 1, electricity resistance, unbreathing,
petrification resistance, rot immunity, AC +4
a: no special abilities


You were on level 4 of the Dungeon.
You were hungry.

You visited 1 branch of the dungeon, and saw 4 of its levels.
You also visited: Sewer.

You collected 156 gold pieces.

Inventory:

Hand Weapons
 a - a +0 flail (weapon)
Armour
 c - a +0 shield (worn)
 l - a +0 cloak (worn)
 p - a +1 leather armour of magic resistance (worn)
Jewellery
 m - an amulet of regeneration (around neck)
Wands
 o - a wand of random effects (9)
Scrolls
 k - 2 scrolls of remove curse
 q - a scroll of identify
Potions
 b - 4 potions of curing {unknown}
 d - a potion of might
 e - 2 potions of heal wounds {unknown}
 g - a potion of mutation {unknown}
 i - a potion of agility {unknown}
 j - 4 potions of flight {unknown}
 n - a potion of degeneration {unknown}
Comestibles
 f - 7 rations
 h - 5 chunks of flesh


   Skills:
 + Level 4.6 Fighting
 + Level 3.5 Maces & Flails
 + Level 4.6 Armour
 + Level 4.6 Shields


You had 5 spell levels left.
You didn't know any spells.
Your spell library was empty.

Dungeon Overview and Level Annotations

Branches:
Dungeon (4/15)
 Temple: D:4-7

Altars:
Elyvilon
Nemelex Xobeh
The Shining One


Innate Abilities, Weirdness & Mutations

You are resistant to torment.
Your stone body is resilient. (AC +4)
You are immune to poison.
You resist negative energy. (rN+)
You are resistant to electric shocks. (rElec)
You can survive without breathing.
You are immune to petrification.
You are immune to rotting.


Message History

The phantom is moderately damaged.
You block the phantom's attack.
An ogre comes into view. It is wielding a giant club.
You hit the phantom but do no damage.
The phantom is moderately damaged.
The phantom hits you but does no damage. x2
Your shield prevents you from hitting the phantom.
The phantom is moderately damaged.
You block the phantom's attack.
You feel very mighty all of a sudden. The ogre barely misses you.
You closely miss the ogre. The ogre hits you with a giant club!!
Your shield prevents you from hitting the ogre.
The ogre hits you with a giant club!
* * * LOW HITPOINT WARNING * * *
The phantom blinks!
You sock the ogre!
The ogre is severely wounded.
The ogre hits you with a giant club!
You die...

#.#...........
#.#.#.# !....
.####.....##.#.##
.................
#####.###.##.###
####........#
........§####
########O# #@#
#.# #.# #.# #<#
###


You could see an ogre.

Vanquished Creatures
  A big kobold (Sewer)
  6 adders
  2 river rats (Sewer)
  3 worms
  A dart slug (D:1)
  3 leopard geckos
  11 orcs
  3 giant cockroaches
  13 goblins
  10 hobgoblins
  11 jackals
  14 kobolds
  5 bats
  3 frilled lizards
  12 rats
98 creatures vanquished.

Notes
Turn   | Place    | Note
-------+----------+-------------------------------------------
     0 | D:1      | Jakon the Gargoyle Fighter began the quest for the Orb.
     0 | D:1      | Reached XP level 1. HP: 14/14 MP: 1/1
   305 | D:1      | Reached XP level 2. HP: 19/19 MP: 2/2
   698 | D:1      | Reached XP level 3. HP: 16/23 MP: 3/3
  1602 | D:2      | Reached XP level 4. HP: 23/29 MP: 4/4
  1887 | D:2      | Found a sparkling altar of Nemelex Xobeh.
  1908 | D:2      | Found a white marble altar of Elyvilon.
  1930 | D:2      | Found a glowing golden altar of the Shining One.
  2430 | D:3      | Reached XP level 5. HP: 26/33 MP: 5/5
  2598 | D:3      | Found a glowing drain.
  2602 | Sewer    | Entered a sewer
  2701 | Sewer    | Noticed a big kobold
  2735 | Sewer    | Killed a big kobold
  2735 | Sewer    | Reached XP level 6. HP: 39/39 MP: 6/6
  2818 | Sewer    | Found a white marble altar of Elyvilon.
  3212 | D:3      | Noticed an ice beast
  3462 | D:4      | Noticed a phantom
  3523 | D:4      | Slain by an ogre

Skill      XL: |  1  2  3  4 |
---------------+-------------+-----
Fighting       | 4 |  4.6
Armour         | 4 |  4.6
Shields        | 4 |  4.6
Maces & Flails | 3 |  3.5

Action                   |  1- 3 |  4- 6 || total
-------------------------+-------+-------++-------
Melee: Flail             |   185 |   290 ||   475
Evoke: Wand              |       |    10 ||    10
  Use: Scroll            |     3 |     3 ||     6
       Potion            |       |     1 ||     1
  Eat: Chunk             |     1 |     5 ||     6
       Ration            |     1 |       ||     1
Armor: Scale mail        |   136 |    14 ||   150
       Leather armour    |       |   116 ||   116
Dodge: Dodged            |    78 |   114 ||   192
Block: Shield            |   124 |   141 ||   265
